 Dungeon Crawl Stone Soup version 0.17-a0-622-g12d63cc (webtiles) character file.

268 Kisielow the Covered (level 6, -2/56 HPs)
             Began as a Minotaur Fighter on Apr 16, 2015.
             Slain by a worker ant zombie (4 damage)
             ... on level 4 of the Dungeon.
             The game lasted 00:06:10 (1968 turns).

Kisielow the Covered (Minotaur Fighter)             Turns: 1968, Time: 00:06:10

Health: -2/56      AC: 10    Str: 32    XL:     6   Next: 0%
Magic:  5/5        EV:  8    Int:  5    God:
Gold:   122        SH: 11    Dex: 10    Spells: 0 memorised, 5 levels left

rFire  . . .     SeeInvis .     a - +0 long sword
rCold  . . .     Clarity  .     b - +0 scale mail
rNeg   . . .     SustAb   .     c - +0 shield
rPois  .         Gourm    .     (helmet restricted)
rElec  .         Spirit   .     y - +0 cloak
rCorr  .         Warding  .     q - +0 pair of gloves
rMut   .         Stasis   .     (no boots)
MR     .....                    (no amulet)
Stlth  ..........               p - +5 ring of strength
                                m - +3 ring of slaying

@: mighty, glowing, not resistant to hostile enchantments, extremely unstealthy
A: retaliatory headbutt, horns 2
a: no special abilities


You were on level 4 of the Dungeon.
You were hungry.

You visited 1 branch of the dungeon, and saw 4 of its levels.

You collected 122 gold pieces.

Inventory:

Hand weapons
 a - a +0 long sword (weapon)
Armour
 b - a +0 scale mail (worn)
 c - a +0 shield (worn)
 q - a +0 pair of gloves (worn)
 y - a +0 cloak (worn)
Jewellery
 m - a +3 ring of slaying (left hand)
 o - an uncursed ring of ice
 p - a +5 ring of strength (right hand)
Magical devices
 z - a wand of random effects (23)
Scrolls
 f - a scroll of noise {unknown}
 h - a scroll of fog {unknown}
 j - 2 scrolls of enchant armour {unknown}
 l - 2 scrolls of remove curse {unknown}
 s - 5 scrolls of identify {unknown}
 t - a scroll of immolation {unknown}
 v - a scroll of magic mapping {unknown}
 A - 2 scrolls of enchant weapon {unknown}
Potions
 g - a potion of lignification {unknown}
 k - 3 potions of curing
 n - a potion of heal wounds {unknown}
 w - a potion of restore abilities {unknown}
 B - a potion of beneficial mutation {unknown}
Comestibles
 d - 7 bread rations
 i - 3 chunks of flesh
 r - 6 fruits
 u - a royal jelly
 x - a meat ration


   Skills:
 * Level 5.0 Fighting
 * Level 3.9 Long Blades
 * Level 5.5 Armour
 * Level 5.1 Shields


You had 5 spell levels left.
You didn't know any spells.

Dungeon Overview and Level Annotations

Branches:
Dungeon (4/15)
 Temple: D:4-7

Altars:
Xom

Annotations:
D:3 2 runed doors


Innate Abilities, Weirdness & Mutations

You reflexively headbutt those who attack you in melee.
You have a pair of horns on your head.


Message History

Drink which item? (? for menu, Esc to quit)
You feel very mighty all of a sudden.
The gnoll hits you from afar with a halberd!
You block the gnoll's attack.
You barely miss the gnoll. You headbutt the gnoll!
You kill the gnoll!
You have reached level 6!
Your experience leads to an increase in your attributes!
Your base attributes are Str 21, Int 5, Dex 10.
Increase (S)trength, (I)ntelligence, or (D)exterity?
You feel stronger.
The gnoll hits you from afar with a halberd.
The gnoll hits you from afar with a halberd!
* * * LOW HITPOINT WARNING * * *
You slash the worker ant zombie! You headbutt the worker ant zombie!
The gnoll hits you from afar with a halberd!
* * * LOW HITPOINT WARNING * * *
You block the worker ant zombie's attack.
The gnoll hits you but does no damage. The worker ant zombie bites you.
You die...

..##.....g<.......?
#.##.<........##
##.##..).......#
...........#.#.####.
#..######....>......
. ###g#.####. #gg.#
#Z### ###@####....
#........#
#.......##
#..........
..)....#####
###...... ..####+#
###


You could see 3 gnolls and a worker ant zombie.

Vanquished Creatures
  2 jellies (D:3)
  An orc wizard (D:3)
  Terence (D:3)
  A gnoll shaman (D:4)
  3 adders
  A gnoll (D:4)
  3 oozes
  A worm (D:2)
  5 giant geckos
  8 orcs (D:3)
  4 giant cockroaches
  7 goblins
  6 hobgoblins
  A jackal (D:4)
  2 quokkas
  A sheep (D:3)
  2 ball pythons
  5 bats
  7 giant newts
  6 kobolds
  5 rats
72 creatures vanquished.

Notes
Turn   | Place    | Note
--------------------------------------------------------------
     0 | D:1      | Kisielow, the Minotaur Fighter, began the quest for the Orb.
     0 | D:1      | Reached XP level 1. HP: 19/19 MP: 0/0
   260 | D:1      | Reached skill level 4 in Armour
   287 | D:1      | Reached XP level 2. HP: 22/27 MP: 1/1
   646 | D:2      | Reached XP level 3. HP: 30/33 MP: 2/2
  1146 | D:2      | Reached XP level 4. HP: 40/40 MP: 3/3
  1265 | D:3      | Noticed Terence
  1278 | D:3      | Killed Terence
  1425 | D:3      | Found a shimmering altar of Xom.
  1425 | D:3      | Found a runed door.
  1440 | D:3      | Found a runed door.
  1505 | D:3      | Found a runed door.
  1506 | D:3      | Found a runed door.
  1554 | D:3      | Reached skill level 5 in Armour
  1652 | D:3      | Found a runed door.
  1715 | D:3      | Reached XP level 5. HP: 47/47 MP: 4/4
  1766 | D:3      | Found a runed door.
  1887 | D:3      | Reached skill level 5 in Shields
  1961 | D:4      | Reached skill level 5 in Fighting
  1967 | D:4      | Reached XP level 6. HP: 22/56 MP: 5/5
  1968 | D:4      | HP: 2/56 [gnoll/halberd (8)]
  1968 | D:4      | Slain by a worker ant zombie

Action                   |  1- 3 |  4- 6 || total
-------------------------+-------+-------++-------
Melee: Long sword        |    70 |    69 ||   139
  Use: Potion            |       |     2 ||     2
  Eat: Chunk             |       |     3 ||     3
